 Dungeon Crawl Stone Soup version 0.27-a0-1196-g3e9cee4cb2 (webtiles) character file.

Game seed: 13995187359199682928

466 bande the Chopper (level 7, -1/44 HPs)
             Began as a Gargoyle Fighter on May 30, 2021.
             Killed by divine providence
             ... invoked by an orc priest
              (12 damage)
             ... on level 4 of the Dungeon.
             The game lasted 00:07:31 (3348 turns).

bande the Chopper (Gargoyle Fighter)                Turns: 3348, Time: 00:07:33

Health: -1/44      AC: 15    Str: 21    XL:     7   Next: 8%
Magic:  7/7        EV:  8    Int:  8    God:
Gold:   407        SH: 10    Dex: 10    Spells: 6/6 levels left

rFire    . . .     SeeInvis .   a - +0 war axe
rCold    . . .     Faith    .   c - +1 kite shield
rNeg     + . .     Spirit   .   b - +0 scale mail
rPois    ∞         Reflect  .   (no helmet)
rElec    +         Harm     .   f - +0 cloak
rCorr    .         Rampage  .   (no gloves)
Will     +....                  (no boots)
Stlth    ..........             (no amulet)
HPRegen  0.14/turn              (no ring)
MPRegen  0.10/turn              (no ring)

@: no status effects
A: sickness immunity, AC +4, negative energy resistance 1, electricity
resistance, torment resistance 1, petrification resistance, iridescent scales 1,
strong-willed 1
a: no special abilities


You were on level 4 of the Dungeon.
You visited 1 branch of the dungeon, and saw 4 of its levels.
You also visited: Ossuary.

You collected 417 gold pieces.
You spent 10 gold pieces at shops.

Inventory:

Hand Weapons
 a - a +0 war axe (weapon)
Missiles
 g - 7 curare-tipped darts (quivered)
Armour
 b - a +0 scale mail (worn)
 c - a +1 kite shield (worn)
 f - a +0 cloak (worn)
Scrolls
 e - a scroll of identify
Potions
 h - a potion of magic
 j - a potion of might


   Skills:
 + Level 4.3 Fighting
 + Level 4.7 Axes
 + Level 4.4 Armour
 + Level 1.2 Dodging
 + Level 4.5 Shields


You had 6 spell levels left.
You didn't know any spells.
Your spell library was empty.

Dungeon Overview and Level Annotations

Branches:
Dungeon (4/15)            Ossuary (visited)
 Temple: D:4-7

Altars:
Sif Muna

Shops:
D:1 :*   D:2 !   D:3 ?


Innate Abilities, Weirdness & Mutations

You are immune to sickness and miasma.
Your stone body is resilient. (AC +4)
You are immune to poison.
You resist negative energy. (rN+)
You are resistant to electric shocks. (rElec)
You are resistant to unholy torment.
You are immune to petrification.
You are partially covered in iridescent scales. (AC +2)
You are strong-willed. (Will+)


Message History

Deactivating autopickup; reactivate with Ctrl-A.
The orc priest hits you with a +0 hand axe.
You hit the orc priest but do no damage.
The orc priest is lightly wounded.
Your scale mail prevents you from hitting the endoplasm.
You barely miss something.
You hear some strange, mumbled words.
A magic dart appears from out of thin air!
The magic dart hits you but does no damage.
You block the endoplasm's attack.
The orc priest hits you but does no damage.
You slash the orc priest!
The orc priest is severely wounded.
Your scale mail prevents you from hitting the endoplasm.
You closely miss something. You block something's attack.
The endoplasm hits you but does no damage.
You block the orc priest's attack. Something hits you but does no damage.
The endoplasm freezes you.
You are frozen.
The orc priest calls down the wrath of Beogh upon you.
Beogh smites you!
You barely miss the orc priest.
The orc priest is severely wounded.
You hit the endoplasm. You miss something.
Something hits you but does no damage. You block the endoplasm's attack.
The orc priest hits you but does no damage.
You hit the orc priest.
The orc priest is almost dead.
You closely miss something. You hit the endoplasm but do no damage.
Something hits you but does no damage. The endoplasm freezes you.
You are frozen.
You block the orc priest's attack.
You hear some strange, mumbled words.
A magic dart appears from out of thin air!
The magic dart hits you.
* * * LOW HITPOINT WARNING * * *
You block the endoplasm's attack.
The orc priest invokes the aid of Beogh against you.
Beogh smites you!
You die...

,,*,,,,,,,,.......## ***,***
,,,,,,,,,..........## *,,,*
,,,,,,,*,.........<.# ***,#
,,*,,,,,,...........## *.#
,,**,,,,,,,..........### #####.(
,,****,,,,,...........[####......
,,,,****+++###......#.)..........
,,,,**,,,,,,,##{oJ...............
,,***,,,,,,,,,##@..#######.......
,,**,,,,,,,,,..##...#### #..#####
,**,,,,,,,,,....##.....####....##
**,,,,,,,,,,.....##..#...........
*,,,,,,,,≈,,....K.##.#####.##....
,,,,,,,,,,,,.......#)).###g......
,,,,,,,,,,,,.......#.#...........
,,,,,,,,,,,,..§....'.##..........
,,,,,≈,,,≈,,.≈§....'.##..........


You could see an orc priest and an endoplasm.

Vanquished Creatures
  A centaur zombie (Ossuary)
  5 human zombies
  2 human skeletons (D:4)
  Natasha (thrice) (D:3)
  2 mummies (Ossuary)
  3 gnolls
  2 adders (D:3)
  An adder skeleton (D:4)
  A worm (D:3)
  3 orcs
  3 bats
  4 endoplasms
  A giant cockroach (D:1)
  8 goblins
  8 hobgoblins
  13 jackals
  3 kobolds
  A quokka (D:1)
  7 ball pythons
  4 frilled lizards
  2 goblin zombies (Ossuary)
  6 hobgoblin zombies (Ossuary)
  An orc skeleton (D:4)
  3 orc zombies (Ossuary)
  2 rats
89 creatures vanquished.

Notes
Turn   | Place    | Note
-------+----------+-------------------------------------------
     0 | D:1      | bande the Gargoyle Fighter began the quest for the Orb.
     0 | D:1      | Reached XP level 1. HP: 14/14 MP: 1/1
    67 | D:1      | Found Sysaifih's General Store.
   206 | D:1      | Reached XP level 2. HP: 12/19 MP: 2/2
   713 | D:1      | Reached XP level 3. HP: 21/23 MP: 3/3
   787 | D:1      | Found Wypruli's Book Shoppe.
  1106 | D:2      | Found Delookh's Distillery.
  1135 | D:2      | Bought a potion of degeneration for 10 gold pieces
  1138 | D:2      | Gained mutation: You are partially covered in iridescent
                  | scales. (AC +2) [potion of mutation]
  1138 | D:2      | Gained mutation: You are strong-willed. (Will+) [potion of
                  | mutation]
  1162 | D:2      | Found a faded altar of an unknown god.
  1795 | D:3      | Reached XP level 4. HP: 29/29 MP: 4/4
  1847 | D:3      | Noticed Natasha
  1862 | D:3      | Killed Natasha
  2281 | D:3      | Noticed Natasha
  2292 | D:3      | Killed Natasha
  2293 | D:3      | Reached XP level 5. HP: 33/33 MP: 5/5
  2329 | D:3      | Found a shimmering blue altar of Sif Muna.
  2442 | D:3      | Noticed Natasha
  2457 | D:3      | Killed Natasha
  2606 | D:3      | Found Caepael's Magic Scroll Boutique.
  2734 | D:4      | Found a sand-covered staircase.
  2744 | D:4      | Reached skill level 1 in Dodging
  2747 | Ossuary  | Entered an ossuary
  2811 | Ossuary  | Reached XP level 6. HP: 36/38 MP: 6/6
  3120 | D:3      | Reached XP level 7. HP: 43/43 MP: 7/7
  3348 | D:4      | Killed from afar by an orc priest

Illustrated notes

Levels and vault maps discovered:
D:1:      minmay_arrival_four_loops, layout_loops_cross, serial_shops, shop,
          shop, chequers_hall_statues_y
D:2:      layout_basic, shapermc_ecumenical_altar_starsandcircs, serial_shops,
          nicolae_shop_statue_plus
D:3:      layout_basic, lemuel_doored_altar, serial_shops, nicolae_shop_crystal,
          uniq_natasha
D:4:      layout_rooms, nicolae_overflow_hidden_temple,
          nicolae_ossuary_entry_catacombs, minmay_misc_feat_tower,
          kennysheep_cluttered_room, uniq_grinder

Skill      XL: |  1  2  3  4  5  6 |
---------------+-------------------+-----
Axes           | 2 3 4 |  4.7
Armour         | 4 |  4.4
Shields        | 4 |  4.5
Dodging        | 1 |  1.2
Fighting       | 4 |  4.3

Action                   |  1- 3 |  4- 6 |  7- 9 || total
-------------------------+-------+-------+-------++-------
Melee: War axe           |   116 |   147 |    28 ||   291
  Use: Scroll            |     5 |     2 |     2 ||     9
       Potion            |     1 |     2 |       ||     3
Armor: Scale mail        |    69 |   106 |    23 ||   198
Dodge: Dodged            |    44 |    61 |     4 ||   109
Block: Kite shield       |    86 |    80 |    24 ||   190

Table legend: (Time is in decaauts)
 A = Elapsed time spent in this place.
 B = Non-inter-level travel time spent in this place.
 C = Inter-level travel time spent in this place.
 D = Time resting spent in this place.
 E = Time spent auto-exploring this place.
 F = Levels seen in this place.
 G = Mean time per level.
                   A        B        C        D        E       F      G
               +--------+--------+--------+--------+--------+-----+--------+
         Total |   3521 |   3484 |     37 |    480 |   2000 |   5 |  704.2 |
       Dungeon |   3263 |   3226 |     37 |    369 |   1954 |   4 |  815.8 |
       Ossuary |    258 |    258 |      0 |    111 |     46 |   1 |  258.0 |
               +--------+--------+--------+--------+--------+-----+--------+

Top non-repeatable levels by time:
     D:3: 1152 daAuts
     D:1: 1117 daAuts
     D:2: 629 daAuts
     D:4: 365 daAuts
 Ossuary: 258 daAuts
